 Dungeon Crawl Stone Soup version 0.25.0-11-g1f837a76a1 (webtiles) character file.

Game seed: 5191487144569184678

48491 Ge0ff the Unseen (level 14, -1/68 HPs)
             Began as a Spriggan Enchanter on June 25, 2020.
             Was the Champion of Dithmenos.
             Hit by a large rock thrown by a stone giant (46 damage)
             ... on level 2 of the Orcish Mines.
             The game lasted 01:02:14 (20249 turns).

Ge0ff the Unseen (Spriggan Enchanter)              Turns: 20249, Time: 01:02:14

Health: -1/68      AC:  9    Str:  4    XL:     14   Next: 12%
Magic:  20/28      EV: 24    Int: 22    God:    Dithmenos [******]
Gold:   1625       SH:  9    Dex: 19    Spells: 17/32 levels left

rFire    . . .     SeeInvis +   a - +2 rapier (vamp)
rCold    . . .     Gourm    .   p - +2 buckler
rNeg     . . .     Faith    +   Q - +2 troll leather armour
rPois    .         Spirit   .   M - +2 hat {Int+3}
rElec    .         Reflect  .   H - +0 cloak
rCorr    .         Harm     .   (gloves unavailable)
MR       +++..                  (boots unavailable)
Stlth    ++++++++++             c - amulet of faith
HPRegen  0.61/turn              I - ring of protection from magic
MPRegen  0.21/turn              J - +4 ring of slaying {=R}

@: wreathed by umbra, very quick
A: very small, unfitting armour, see invisible, herbivore, speed 3, slow
metabolism 2
a: Shadow Step, Shadow Form, Renounce Religion


You were on level 2 of the Orcish Mines.
You worshipped Dithmenos.
Dithmenos was exalted by your worship.
You were very hungry.

You visited 4 branches of the dungeon, and saw 20 of its levels.
You also visited: Ice Cave.

You collected 1917 gold pieces.
You spent 292 gold pieces at shops.

Inventory:

Hand Weapons
 a - a +2 vampiric rapier (weapon)
 b - a +2 rapier of speed
 h - a +2 rapier of freezing
 i - a +0 vampiric dagger
 n - a +1 short sword of venom
 w - a +4 dagger
Missiles
 g - a throwing net {=f}
 L - 19 boomerangs (quivered)
 Y - 11 datura-tipped darts {=f}
Armour
 p - a +2 buckler (worn)
 v - a +1 robe of fire resistance
 A - +0 storm dragon scales
 H - a +0 cloak (worn)
 M - a +2 hat of intelligence (worn)
 Q - a +2 troll leather armour (worn)
Jewellery
 c - an amulet of faith (around neck)
 e - an uncursed amulet of magic regeneration
 l - an uncursed ring of stealth
 D - an uncursed ring of protection from cold
 G - a +6 ring of intelligence
 I - a ring of protection from magic (left hand)
 J - a +4 ring of slaying (right hand) {=R}
 U - an uncursed amulet of reflection
 W - an uncursed ring of wizardry
Wands
 f - a wand of flame (73)
 j - a wand of acid (9)
 P - a wand of polymorph (21)
Scrolls
 m - 3 scrolls of magic mapping
 s - a scroll of enchant armour
 B - a scroll of blinking
 C - 9 scrolls of remove curse
 E - 2 scrolls of fear
 F - 2 scrolls of fog
 S - a scroll of summoning
 T - 9 scrolls of teleportation
 V - a scroll of vulnerability
Potions
 d - a potion of stabbing
 o - 2 potions of ambrosia {unknown}
 q - 9 potions of curing
 u - 4 potions of haste {unknown}
 x - 2 potions of brilliance {unknown}
 y - a potion of mutation {unknown}
 z - 2 potions of lignification {unknown}
 K - a potion of magic {!q}
 N - a potion of cancellation {!q}
 R - 2 potions of degeneration {unknown}
 X - a potion of flight
 Z - 2 potions of berserk rage {!q}
Miscellaneous
 O - a box of beasts
Comestibles
 r - 30 rations


   Skills:
 + Level 5.2 Fighting
 * Level 10.9 Short Blades
 - Level 3.0 Armour
 + Level 9.8 Dodging
 + Level 15.1 Stealth
 + Level 2.5 Shields
 + Level 9.5 Spellcasting
 - Level 3.0 Conjurations
 + Level 11.4 Hexes
 - Level 7.0 Translocations
 + Level 6.9 Transmutations
 - Level 3.0 Ice Magic
 - Level 3.0 Earth Magic
 + Level 6.4 Invocations
 + Level 8.2 Evocations


You had 17 spell levels left.
You knew the following spells:

 Your Spells              Type           Power        Failure   Level  Hunger
a - Blink                 Tloc           N/A          1%          2    None
c - Dazzling Flash        Conj/Hex       #####.       2%          3    None
d - Tukima's Dance        Hex            ######..     1%          3    None
k - Ensorcelled Hibernat  Hex/Ice        #####.       1%          2    None
t - Confusing Touch       Hex            ######..     1%          3    None
w - Passwall              Tmut/Erth      ####....     3%          2    None

Your spell library contained the following spells:

 Spells                   Type           Power        Failure   Level  Hunger
 Corona                   Hex            ######.      1%          1    None
 Slow                     Hex            ######..     1%          2    None
 Magic Dart               Conj           ###.         4%          1    None
 Sandblast                Erth           ###...       4%          1    None
 Summon Guardian Golem    Hex/Summ       #####...     4%          3    None
 Shock                    Conj/Air       ###.         9%          1    None
 Stone Arrow              Conj/Erth      ###...       14%         3    None
 Summon Small Mammal      Summ           ##..         16%         1    None
 Call Imp                 Summ           ##......     24%         2    None
 Swiftness                Chrm/Air       ##......     24%         2    None
 Conjure Flame            Conj/Fire      ###.....     26%         3    None
 Static Discharge         Conj/Air       ###.....     26%         3    None
 Mephitic Cloud           Conj/Pois/Air  ##......     30%         3    None
 Call Canine Familiar     Summ           ##......     43%         3    None
 Summon Ice Beast         Ice/Summ       ###.....     63%         4    ##.....
 Dispersal                Tloc           #####.....   80%         6    ######.
 Airstrike                Air            ##........   83%         4    ##.....
 Summon Lightning Spire   Summ/Air       ##......     83%         4    ##.....
 Lightning Bolt           Conj/Air       ###.......   93%         5    ####...


Dungeon Overview and Level Annotations

Branches:
Dungeon (11/15)            Temple (1/1) D:6            Lair (6/6) D:10
 Shoals (0/4) Lair:3        Snake (0/4) Lair:3        Slime (0/5) Lair:5
    Orc (2/2) D:11            Elf (0/3) Orc:2         IceCv (visited)

Altars:
Ashenzari
Cheibriados
Dithmenos
Elyvilon
Fedhas
Gozag
Hepliaklqana
Makhleb
Ru
Sif Muna
Trog
Wu Jian
Xom
Yredelemnul
Zin
The Shining One
Beogh

Shops:
D:5 (   D:9 *   Orc:2 ?(([(

Annotations:
D:10 Josephine
D:11 3 runed translucent doors, Pupilyir's ghost, journeyman MiBe
Lair:6 Rupert


Innate Abilities, Weirdness & Mutations

You are very small and have problems with some larger weapons.
You are too small for most types of armour.
You have supernaturally acute eyesight. (SInv)
You are a herbivore.
You cover ground extremely quickly.
You need to consume almost no food.


Message History

Casting: Ensorcelled Hibernation (safe; 1% risk of failure)
Confirm with . or Enter, or press ? or * to list all spells.
Aiming: Ensorcelled Hibernation (safe; 1% risk of failure)
Press: ? - help, Shift-Dir - straight line, f/p - stone giant
Aim: a stone giant, quivering a large rock (umbra, chance to defeat MR: 19%)
The stone giant resists with almost no effort.
Your shadow mimicks your spell!
The stone giant resists with almost no effort.
You start resting.
Casting: Ensorcelled Hibernation (safe; 1% risk of failure)
Confirm with . or Enter, or press ? or * to list all spells.
Aiming: Ensorcelled Hibernation (safe; 1% risk of failure)
Press: ? - help, Shift-Dir - straight line, f/p - stone giant
Aim: a stone giant, quivering a large rock (black smoke, wandering, hasn't noticed you, umbra, chance to defeat MR: 19%)
The stone giant resists with almost no effort.
Your shadow mimicks your spell!
The stone giant resists with almost no effort.
The stone giant throws a large rock.
The large rock hits you!!!
Ouch! That really hurt!
You die...

##. #######.....# #... ##..
##.#####....## #... #....
##....#.#....## ###.
#..####.............# ##
#.....##...........##
##..................#
#........#.......#.#####
##...............#####.## #
##..............@.##.#...#### #
#..................§>.#.#.#.## #
##...............§.§..§......####
#................§§§C§§...#.##.#.
#................§§§§§§..........
##................§§§§§.....##...
#................§...#..##.####..
##...............§........####...
#...................C......##...)


You could see a stone giant.

Vanquished Creatures
  Gastronok (D:8)
  2 entropy weavers (Lair:6)
  4 hydras
  A queen ant (Lair:6)
  2 two-headed ogres
  9 orc high priests (Orc:2)
  Urug (Lair:5)
  An oklob plant (Lair:3)
  2 orc sorcerers (Orc:1)
  6 elephants
  4 black mambas
  An eye of devastation (Lair:5)
  9 spiny frogs
  2 rime drakes
  3 komodo dragons
  7 ice devils (IceCv)
  8 hippogriffs
  2 dream sheep (D:8)
  5 blink frogs (Lair:2)
  A shadow (D:9)
  Sigmund (D:3)
  4 wraiths
  32 yaks
  3 basilisks
  A wyvern (Lair:2)
  Eustachio (D:5)
  5 wargs
  8 water moccasins
  22 soldier ants
  3 porcupines
  11 orc warriors
  3 black bears
  A necrophage (D:9)
  2 eyes of draining
  4 sky beasts
  10 ice beasts
  2 phantoms
  13 wolves
  11 ogres
  8 crocodiles
  5 centaurs
  3 big kobolds (D:8)
  14 bullfrogs
  3 scorpions
  10 killer bees
  5 crimson imps
  A centaur zombie (D:7)
  5 quasits
  32 orc priests
  7 hounds
  3 jellies
  27 orc wizards
  Crazy Yiuf (D:6)
  2 bullfrog skeletons
  A centaur skeleton (D:7)
  Terence (D:3)
  7 iguanas
  6 hell rats (Lair:4)
  21 worker ants
  A hound zombie (D:9)
  3 hound skeletons
  A worker ant zombie (D:8)
  5 adders
  A shadow imp (D:6)
  7 white imps (IceCv)
  5 ufetubi (IceCv)
  3 oozes
  An adder zombie (D:9)
  An adder skeleton (D:5)
  7 leopard geckos
  98 orcs
  3 giant cockroaches
  9 hobgoblins
  4 jackals (D:5)
  7 kobolds
  6 quokkas
  A ball python (D:3)
  4 bats
  3 frilled lizards
  10 goblins
  A leopard gecko skeleton (D:8)
  A leopard gecko zombie (D:8)
  A quokka zombie (D:5)
  7 rats
560 creatures vanquished.

Vanquished Creatures (others)
  A reaper (IceCv)
  A white imp (IceCv)
  4 ufetubi (IceCv)
  4 fungi
10 creatures vanquished.

Grand Total: 570 creatures vanquished

Notes
Turn   | Place    | Note
-------+----------+-------------------------------------------
     0 | D:1      | Ge0ff the Spriggan Enchanter began the quest for the Orb.
     0 | D:1      | Reached XP level 1. HP: 9/9 MP: 5/5
   397 | D:1      | Reached XP level 2. HP: 12/13 MP: 6/6
   436 | D:1      | Learned a level 2 spell: Ensorcelled Hibernation
  1376 | D:1      | Reached XP level 3. HP: 10/16 MP: 5/8
  1533 | D:2      | Found a burning altar of Makhleb.
  1534 | D:2      | Noticed a green death
  1908 | D:2      | Found a glowing silver altar of Zin.
  2102 | D:2      | Found a shadowy altar of Dithmenos.
  2111 | D:2      | Became a worshipper of Dithmenos the Shadowed
  3075 | D:3      | Noticed Sigmund
  3080 | D:3      | Killed Sigmund
  3080 | D:3      | Reached skill level 5 in Stealth
  3080 | D:3      | Reached skill level 5 in Hexes
  3080 | D:3      | Reached skill level 1 in Ice Magic
  3080 | D:3      | Reached XP level 4. HP: 21/21 MP: 10/10
  3080 | D:3      | Reached XP level 5. HP: 24/24 MP: 11/11
  3191 | D:3      | Noticed Terence
  3198 | D:3      | Killed Terence
  3500 | D:4      | Reached skill level 1 in Armour
  3500 | D:4      | Reached skill level 6 in Stealth
  3500 | D:4      | Reached XP level 6. HP: 24/28 MP: 7/12
  3585 | D:4      | Reached * piety under Dithmenos
  3700 | D:4      | Found a bloodstained altar of Trog.
  3971 | D:4      | Found a shattered altar of Ashenzari.
  4253 | D:5      | Entered Level 5 of the Dungeon
  4256 | D:5      | Noticed Eustachio
  4372 | D:4      | Learned a level 3 spell: Confusing Touch
  4376 | D:4      | Learned a level 3 spell: Tukima's Dance
  4380 | D:4      | Learned a level 3 spell: Dazzling Flash
  4464 | D:5      | Killed Eustachio
  4464 | D:5      | Reached skill level 7 in Stealth
  4464 | D:5      | Reached XP level 7. HP: 32/32 MP: 14/14
  4678 | D:5      | Found Soso Eng's Weapon Boutique.
  5137 | D:6      | Reached skill level 8 in Stealth
  5137 | D:6      | Reached XP level 8. HP: 36/36 MP: 15/15
  5210 | D:6      | Found a staircase to the Ecumenical Temple.
  5298 | Temple   | Entered the Ecumenical Temple
  5470 | D:6      | Found a runed translucent door.
  5471 | D:6      | Noticed Crazy Yiuf
  5478 | D:6      | Killed Crazy Yiuf
  5541 | D:7      | Reached skill level 5 in Spellcasting
  5588 | D:5      | Bought a +2 vampiric rapier for 264 gold pieces
  5627 | D:7      | Reached ** piety under Dithmenos
  5647 | D:7      | Reached skill level 9 in Stealth
  5702 | D:7      | Noticed a hippogriff
  5712 | D:7      | Killed a hippogriff
  5712 | D:7      | Reached skill level 1 in Evocations
  5741 | D:7      | Found an ornate altar of the Wu Jian Council.
  5751 | D:7      | Found a sacrificial altar of Ru.
  5754 | D:7      | Found a blossoming altar of Fedhas.
  5754 | D:7      | Found a snail-covered altar of Cheibriados.
  5805 | D:7      | Reached skill level 1 in Invocations
  5858 | D:7      | Reached XP level 9. HP: 33/40 MP: 12/18
  5867 | D:7      | Reached skill level 1 in Fighting
  6560 | D:8      | Noticed Gastronok
  6685 | D:8      | Reached skill level 5 in Short Blades
  6685 | D:8      | Reached skill level 1 in Conjurations
  6714 | D:8      | Learned a level 2 spell: Blink
  6780 | D:8      | Reached *** piety under Dithmenos
  7135 | D:8      | Reached skill level 1 in Translocations
  7156 | D:8      | Reached skill level 10 in Stealth
  7316 | D:8      | Reached skill level 5 in Dodging
  7411 | D:8      | Noticed a three-headed hydra
  7472 | D:8      | Killed a three-headed hydra
  7472 | D:8      | Reached XP level 10. HP: 46/46 MP: 0/20
  7934 | D:9      | Noticed a two-headed ogre
  7953 | D:9      | Killed a two-headed ogre
  7953 | D:9      | Reached skill level 11 in Stealth
  8207 | D:9      | Reached **** piety under Dithmenos
  8594 | D:9      | Found Paadooso's Assorted Antiques.
  8597 | D:9      | Bought a scroll labeled SAUKY SEIVVOI for 28 gold pieces
  8722 | D:10     | Entered Level 10 of the Dungeon
  8996 | D:10     | Identified the Catalogue of the Mountains and Dislocation
  9001 | D:10     | Learned a level 2 spell: Passwall
  9306 | D:10     | Reached XP level 11. HP: 51/51 MP: 12/22
  9421 | D:10     | Noticed Josephine
  9880 | D:10     | Got a pitted broad axe
 10005 | D:10     | Found a staircase to the Lair.
 10124 | D:11     | Noticed a two-headed ogre
 10144 | D:11     | Found a frozen archway.
 10152 | IceCv    | Entered an ice cave
 10190 | IceCv    | Reached skill level 1 in Transmutations
 10201 | IceCv    | Reached ***** piety under Dithmenos
 10255 | IceCv    | Killed a reaper
 10381 | IceCv    | Reached skill level 12 in Stealth
 10405 | IceCv    | Reached skill level 5 in Translocations
 10604 | IceCv    | Reached skill level 1 in Earth Magic
 11035 | D:11     | Reached skill level 5 in Evocations
 11158 | D:11     | Found a shimmering blue altar of Sif Muna.
 11391 | D:11     | Reached skill level 10 in Hexes
 11566 | D:11     | Found a runed translucent gate.
 11566 | D:11     | Found a runed translucent gate.
 11566 | D:11     | Found a runed translucent gate.
 11566 | D:11     | Noticed Pupilyir's ghost (journeyman MiBe)
 11660 | D:11     | Killed a two-headed ogre
 11866 | D:11     | Found a staircase to the Orcish Mines.
 12097 | Lair:1   | Entered Level 1 of the Lair of Beasts
 13220 | Lair:2   | Reached skill level 13 in Stealth
 13293 | Lair:2   | Reached XP level 12. HP: 56/56 MP: 15/24
 14207 | Lair:3   | Noticed a four-headed hydra
 14218 | Lair:3   | Killed a four-headed hydra
 14677 | Lair:3   | Found a staircase to the Shoals.
 14761 | Lair:3   | Found a staircase to the Snake Pit.
 15442 | Lair:4   | Reached skill level 14 in Stealth
 15468 | Lair:4   | Reached skill level 5 in Invocations
 16069 | Lair:5   | Found a staircase to the Slime Pits.
 16083 | Lair:5   | Reached skill level 5 in Transmutations
 16210 | Lair:5   | Noticed Urug
 16222 | Lair:5   | Reached ****** piety under Dithmenos
 16227 | Lair:5   | Killed Urug
 16227 | Lair:5   | Reached skill level 1 in Shields
 16235 | Lair:5   | Reached XP level 13. HP: 40/61 MP: 16/26
 17000 | Lair:6   | Entered Level 6 of the Lair of Beasts
 17061 | Lair:6   | Noticed an entropy weaver
 17064 | Lair:6   | Killed an entropy weaver
 17064 | Lair:6   | Reached skill level 10 in Short Blades
 17066 | Lair:6   | Noticed an entropy weaver
 17547 | Lair:6   | Killed an entropy weaver
 18099 | Lair:6   | Noticed Rupert
 18359 | D:8      | Killed Gastronok
 18463 | Orc:1    | Entered Level 1 of the Orcish Mines
 18748 | Orc:2    | Entered Level 2 of the Orcish Mines
 18751 | Orc:2    | Found Agueh's Antique Weapon Shoppe.
 18833 | Orc:1    | Found a roughly hewn altar of Beogh.
 18981 | Orc:1    | Reached skill level 15 in Stealth
 19184 | Orc:2    | Found a staircase to the Elven Halls.
 19200 | Orc:2    | Reached skill level 5 in Fighting
 19437 | Orc:2    | Found Cicvi's Magic Scroll Shop.
 19497 | Orc:2    | Found Xauzolec's Antique Weapon Shoppe.
 19512 | Orc:2    | Reached XP level 14. HP: 68/68 MP: 15/28
 19675 | Orc:2    | Found a roughly hewn altar of Beogh.
 19685 | Orc:2    | Found Piwaoh's Armour Shop.
 19708 | Orc:2    | Found Cipib's Antique Weapon Shoppe.
 20238 | Orc:2    | Noticed a stone giant
 20249 | Orc:2    | Hit by a large rock thrown by a stone giant

Illustrated notes

Levels and vault maps discovered:
D:1:      zelgadis_glass_arrival_large, layout_basic,
          chequers_serial_rivers_small_3, solitary_fountain
D:2:      layout_basic, grunt_dithmenos_smoke, lemuel_round_altar, first_ration,
          st_stairs_7, makhleb_altar_promises_db
D:3:      layout_loops_ring, uniq_terence, uniq_sigmund
D:4:      layout_loops_ring, lemuel_coloured_pillars_altar,
          lightli_temple_of_fire
D:5:      layout_rooms, serial_shops, shop, uniq_eustachio
D:6:      layout_rooms, minmay_temple_entry_arrows, serial_bayou_pond_b,
          uniq_crazy_yiuf_cottage
D:7:      layout_basic, grunt_temple_overflow_open, kennysheep_generic_room_9
D:8:      layout_rooms, hangedman_ranch [blue_anna_fruit_fields],
          minmay_misc_feat_rugged, uniq_gastronok
D:9:      layout_big_octagon, serial_shops, nicolae_shop_trees
D:10:     layout_rooms, lair_entry_dummy, kennysheep_dice, uniq_josephine
D:11:     layout_cave_pools, hiddenorc1_lemuel,
          portal_ice_cave_entry_ice_beasts, gammafunk_ghost_spectres,
          basic_altar, nicolae_two_hexagons
Temple:   eino_narrow_crystal_temple
Lair:1:   layout_cave_pods
Lair:2:   layout_roguey
Lair:3:   layout_misc_corridors, shoals_dummy_entry, dummy_snake_entry
Lair:4:   layout_cave_pods, serial_bayou_shore_b
Lair:5:   layout_regular_city, minmay_slime_entry_eyes, beast_lair_carwin_6,
          uniq_urug
Lair:6:   wormcave, layout_gridlike, minivault_29, uniq_rupert
Orc:1:    layout_caves, lemuel_statue_altar
Orc:2:    st_orc_town, layout_diamond_mine, serial_shops, shop, mines2_lemuel

Skill      XL: |  1  2  3  4  5  6  7  8  9 10 11 12 13 |
---------------+----------------------------------------+-----
Hexes          | 4 5 6 7 8 9 10 11 | 11.4
Spellcasting   | 3 4 5 6 7 8 9 |  9.5
Short Blades   | 2 3 4 6 7 8 9 10 | 10.9
Stealth        | 5 6 7 8 9 10 11 13 14 15 | 15.1
Ice Magic      | 1 2 3 |  3.0
Armour         | 1 2 3 |  3.0
Evocations     | 1 3 4 5 6 8 |  8.2
Invocations    | 1 2 3 4 5 6 |  6.4
Fighting       | 2 3 4 5 |  5.2
Dodging        | 5 6 7 8 9 |  9.8
Conjurations   | 1 2 3 |  3.0
Translocations | 3 4 6 7 |  7.0
Transmutations | 3 5 6 |  6.9
Earth Magic    | 2 3 |  3.0
Shields        | 1 2 |  2.5

Action                   |  1- 3 |  4- 6 |  7- 9 | 10-12 | 13-15 || total
-------------------------+-------+-------+-------+-------+-------++-------
Melee: Dagger            |   157 |    44 |    10 |    27 |     5 ||   243
       Rapier            |       |       |   225 |   562 |   241 ||  1028
Throw: Boomerang         |       |       |     9 |   100 |    61 ||   170
       Dart              |       |       |     2 |     5 |     1 ||     8
       Throwing net      |       |       |       |     1 |       ||     1
 Cast: Corona            |     6 |       |       |       |       ||     6
       Ensorcelled Hiber |    35 |    24 |    76 |   212 |   140 ||   487
       Confusing Touch   |       |     1 |    11 |    30 |     3 ||    45
       Passwall          |       |       |       |     1 |     1 ||     2
Evoke: Wand              |       |       |       |     7 |     2 ||     9
  Use: Scroll            |     5 |     1 |     7 |    13 |     3 ||    29
       Potion            |       |       |       |     2 |     1 ||     3
 Stab: Sleeping          |    29 |    22 |    59 |   146 |   121 ||   377
       Confused          |       |     1 |     7 |    30 |     4 ||    42
       Distracted        |       |       |       |     2 |       ||     2
       Held in net/web   |       |       |       |     1 |       ||     1
       Paralysed         |       |       |       |     1 |       ||     1
  Eat: Ration            |     1 |     1 |     2 |     5 |     1 ||    10
Armor: Robe              |     8 |       |       |       |       ||     8
       Troll leather arm |     2 |    10 |    30 |    62 |    15 ||   119
Dodge: Dodged            |   118 |    84 |   168 |   466 |   158 ||   994
Block: Other             |       |       |    16 |   104 |       ||   120
       Reflection        |       |       |       |     5 |       ||     5
       Buckler           |       |       |       |     9 |    82 ||    91

Levels and vault maps discovered:
D:1:      zelgadis_glass_arrival_large, layout_basic,
          chequers_serial_rivers_small_3, solitary_fountain
D:2:      layout_basic, grunt_dithmenos_smoke, lemuel_round_altar, first_ration,
          st_stairs_7, makhleb_altar_promises_db
D:3:      layout_loops_ring, uniq_terence, uniq_sigmund
D:4:      layout_loops_ring, lemuel_coloured_pillars_altar,
          lightli_temple_of_fire
D:5:      layout_rooms, serial_shops, shop, uniq_eustachio
D:6:      layout_rooms, minmay_temple_entry_arrows, serial_bayou_pond_b,
          uniq_crazy_yiuf_cottage
D:7:      layout_basic, grunt_temple_overflow_open, kennysheep_generic_room_9
D:8:      layout_rooms, hangedman_ranch [blue_anna_fruit_fields],
          minmay_misc_feat_rugged, uniq_gastronok
D:9:      layout_big_octagon, serial_shops, nicolae_shop_trees
D:10:     layout_rooms, lair_entry_dummy, kennysheep_dice, uniq_josephine
D:11:     layout_cave_pools, hiddenorc1_lemuel,
          portal_ice_cave_entry_ice_beasts, gammafunk_ghost_spectres,
          basic_altar, nicolae_two_hexagons
Temple:   eino_narrow_crystal_temple
Lair:1:   layout_cave_pods
Lair:2:   layout_roguey
Lair:3:   layout_misc_corridors, shoals_dummy_entry, dummy_snake_entry
Lair:4:   layout_cave_pods, serial_bayou_shore_b
Lair:5:   layout_regular_city, minmay_slime_entry_eyes, beast_lair_carwin_6,
          uniq_urug
Lair:6:   wormcave, layout_gridlike, minivault_29, uniq_rupert
Orc:1:    layout_caves, lemuel_statue_altar
Orc:2:    st_orc_town, layout_diamond_mine, serial_shops, shop, mines2_lemuel
